 Dungeon Crawl Stone Soup version 0.30-a0-4-ga7cffc901d (webtiles) character file.

Game seed: 4786708682607606137

664 frimble the Insei (level 7, -4/48 HPs)
             Began as a Demonspawn Earth Elementalist on Aug 20, 2022.
             Shot with an arrow by a centaur (9 damage)
             ... on level 6 of the Dungeon.
             The game lasted 00:06:08 (4239 turns).

frimble the Insei (Demonspawn Earth Elementalist)   Turns: 4239, Time: 00:06:09

Health: -4/48      AC:  7    Str: 10    XL:     7   Next: 31%
Magic:  10/10      EV: 17    Int: 16    God:
Gold:   71         SH:  0    Dex: 26    Spells: 9/10 levels left

rFire   . . .      SeeInvis .      - Unarmed
rCold   + . .      Faith    .    (no shield)
rNeg    . . .      Spirit   .    o - +2 robe {rC+}
rPois   .          Reflect  .    c - +0 helmet
rElec   .          Harm     .    (no cloak)
rCorr   .          Rampage  .    (gloves unavailable)
Will    .....                    g - +1 pair of boots
Stlth   +++.......               (no amulet)
HPRegen 0.16/turn                j - +6 ring of dexterity
MPRegen 0.12/turn                q - +6 ring of dexterity

@: mighty, studying Armour
A: repulsion field 1, ignite blood 1, demonic touch 3
a: no special abilities


You were on level 6 of the Dungeon.
You visited 1 branch of the dungeon, and saw 6 of its levels.

You collected 176 gold pieces.
You spent 105 gold pieces at shops.

Inventory:

Hand Weapons
 f - a +0 short sword
 n - a +0 rapier
Armour
 a - a +0 buckler
 c - a +0 helmet (worn)
 g - a +1 pair of boots (worn)
 o - a +2 robe of cold resistance (worn)
Jewellery
 j - a +6 ring of dexterity (left hand)
 q - a +6 ring of dexterity (right hand)
Wands
 p - a wand of polymorph (3)
Scrolls
 s - a scroll of magic mapping
Potions
 b - a potion of magic
 e - a potion of brilliance
 h - 3 potions of curing
 i - a potion of mutation
 k - a potion of berserk rage {unknown}
 l - 2 potions of might
 m - 2 potions of heal wounds {unknown}
 r - a potion of haste {unknown}


   Skills:
 - Level 1.1 Fighting
 - Level 0.1 Short Blades
 + Level 3.8 Dodging
 - Level 1.7 Stealth
 + Level 5.5 Unarmed Combat
 - Level 2.0 Spellcasting
 - Level 2.4 Transmutations
 - Level 2.6 Earth Magic


You had 9 spell levels left.
You knew the following spells:

 Your Spells              Type           Power      Damage    Failure   Level
a - Sandblast             Erth           20%        2d7       7%          1

Your spell library contained the following spells:

 Spells                   Type           Power      Damage    Failure   Level
 Passwall                 Tmut/Erth      7%         N/A       11%         2
 Slow                     Hex            4%         N/A       21%         1
 Ensorcelled Hibernation  Hex/Ice        2%         N/A       30%         2
 Stone Arrow              Conj/Erth      10%        3d7       34%         3
 Spider Form              Tmut/Pois      5%         N/A       36%         3
 Confusing Touch          Hex            1%         N/A       52%         3
 Ozocubu's Armour         Ice            1%         N/A       52%         3
 Vampiric Draining        Necr           1%         2d6       52%         3
 Petrify                  Tmut/Erth      9%         N/A       58%         4
 Anguish                  Hex/Necr       0%         N/A       90%         4
 Metabolic Englaciation   Hex/Ice        0%         N/A       99%         5
 Simulacrum               Ice/Necr       0%         N/A       100%        6


Dungeon Overview and Level Annotations

Branches:
Dungeon (6/15)
 Temple: D:4-7

Altars:
Nemelex Xobeh
Trog

Shops:
D:1 ?   D:5 =*


Innate Abilities, Weirdness & Mutations

You are surrounded by a mild repulsion field. (EV +2)
Your demonic aura sometimes causes spilled blood to erupt in flames.
Your touch may irresistibly damage your foes and sap their willpower.


Message History

Aiming: Sandblast (safe; 7% risk of failure)
Press: ? - help, Q - select action, (/) - cycle Shift-Dir - straight line, f/p - steam dragon
Aim: a steam dragon (almost dead, fleeing, weak-willed, 82% to hit)
The blast of sand hits the steam dragon.
You kill the steam dragon!
You have reached level 7!
Your demonic ancestry asserts itself...
You begin to radiate repulsive energy.
Okay, then.
Found 10 gold pieces.
Found 8 stones.
Found 6 stones.
Aiming: Sandblast (safe; 7% risk of failure)
Press: ? - help, Q - select action, (/) - cycle Shift-Dir - straight line, f - scorpion
Aim: a scorpion (82% to hit)
The blast of sand hits the scorpion.
The scorpion is moderately wounded.
The scorpion barely misses you.
You hit the scorpion.
You touch the scorpion!
You sap its willpower!
The scorpion is almost dead.
The scorpion misses you.
You punch the scorpion!
You kill the scorpion!
You start resting.
Magic restored.
You start resting.
The centaur shoots an arrow.
The arrow closely misses you.
Okay, then.
Okay, then.
Unknown command.
Aiming: Polymorph
Press: ? - help, Shift-Dir - straight line, f - centaur
Aim: a centaur, wielding a +0 shortbow (will become a jelly, a gnoll, or a swamp drake, chance to affect: 49%)
The centaur resists with some effort.
The centaur shoots an arrow.
The arrow hits you!
* * * LOW HITPOINT WARNING * * *
Aiming: Polymorph
Press: ? - help, Shift-Dir - straight line, f/p - centaur
Aim: a centaur, wielding a +0 shortbow (will become a jelly, a gnoll, or a swamp drake, chance to affect: 49%)
The centaur resists with some effort.
The centaur shoots an arrow.
The arrow closely misses you.
The centaur shoots an arrow.
The arrow hits you!
You die...

#.. .. #.# #.##
#.##.# #.#
###....# #.#
......###.# ###
###..#....# #..
.....#....# #..
######......####..
#@......c†........
#........####..##.
#........# #.....
#........# #.....
#.......... ..###.
#.............# #.
#.......####.## .
#.....(.# #.


You could see a centaur.

Vanquished Creatures
  A steam dragon (D:6)
  2 scorpions
  A howler monkey (D:4)
  A hound (D:4)
  4 orc priests
  4 iguanas
  An orc wizard (D:5)
  2 gnolls (D:5)
  An adder (D:4)
  2 worms
  3 dart slugs
  9 orcs
  6 bats
  6 endoplasms
  5 goblins
  2 hobgoblins
  4 jackals (D:1)
  4 kobolds
  2 quokkas
  4 ball pythons
  3 frilled lizards
  4 rats
71 creatures vanquished.

Notes
Turn   | Place    | Note
-------+----------+-------------------------------------------
     0 | D:1      | frimble the Demonspawn Earth Elementalist began the quest
                  | for the Orb.
     0 | D:1      | Reached XP level 1. HP: 13/13 MP: 3/3
    25 | D:1      | Found Athinak's Magic Scroll Shoppe.
    29 | D:1      | Reached skill level 1 in Transmutations
   298 | D:1      | Found a faded altar of an unknown god.
   599 | D:1      | Gained mutation: Your touch may inflict minor irresistible
                  | damage on your foes. [demonic ancestry]
   599 | D:1      | Reached XP level 2. HP: 19/19 MP: 5/5
  1297 | D:2      | Gained mutation: Your touch may inflict irresistible damage
                  | on your foes. [demonic ancestry]
  1297 | D:2      | Reached XP level 3. HP: 25/25 MP: 6/6
  1577 | D:2      | Reached skill level 1 in Fighting
  1899 | D:3      | Found a bloodstained altar of Trog.
  2310 | D:4      | Reached skill level 1 in Unarmed Combat
  2331 | D:4      | Reached skill level 2 in Unarmed Combat
  2331 | D:4      | Gained mutation: Your demonic aura sometimes causes spilled
                  | blood to erupt in flames. [demonic ancestry]
  2331 | D:4      | Reached XP level 4. HP: 29/32 MP: 7/7
  2733 | D:4      | Reached skill level 3 in Unarmed Combat
  2733 | D:4      | Reached XP level 5. HP: 30/37 MP: 6/8
  3146 | D:3      | Reached skill level 4 in Unarmed Combat
  3592 | D:3      | Found a sparkling altar of Nemelex Xobeh.
  3830 | D:5      | Entered Level 5 of the Dungeon
  3830 | D:5      | Found Aplurgh's Jewellery Boutique.
  3835 | D:5      | Gained mutation: Your touch may irresistibly damage your
                  | foes and sap their willpower. [demonic ancestry]
  3835 | D:5      | Reached XP level 6. HP: 43/43 MP: 6/9
  3861 | D:5      | Noticed a sky beast
  3909 | D:5      | Found Homougi's General Store.
  3955 | D:5      | Bought a scroll of magic mapping for 105 gold pieces
  4026 | D:5      | Reached skill level 5 in Unarmed Combat
  4191 | D:6      | Noticed a steam dragon
  4198 | D:6      | HP: 2/43 [centaur/arrow (11)]
  4204 | D:6      | Noticed an ice beast
  4205 | D:6      | Killed a steam dragon
  4206 | D:6      | Gained mutation: You are surrounded by a mild repulsion
                  | field. (EV +2) [demonic ancestry]
  4206 | D:6      | Reached XP level 7. HP: 7/48 MP: 7/10
  4239 | D:6      | Shot with an arrow by a centaur

Illustrated notes

Levels and vault maps discovered:
D:1:      dpeg_arrival_tiny_g, layout_basic, basic_ecumenical_altar,
          serial_shops, nicolae_shop_statue_plus
D:2:      layout_rooms
D:3:      layout_rooms, nemelex_dance_club_becter, trog_three_pillars_becter,
          grunt_ministairs_12
D:4:      layout_basic, nicolae_titane
D:5:      layout_loops_cross, dancing_weapons_uskayaw, serial_shops,
          nicolae_stop_n_shop_1, nicolae_shop_statue_plus,
          nicolae_shop_statue_plus, nicolae_shop_gadgets
D:6:      layout_basic, nicolae_hepliaklqana_ecumenical_no_more,
          okawaru_trees_2, minivault_24

Skill      XL: |  1  2  3  4  5  6 |
---------------+-------------------+-----
Transmutations | 1 2 |  2.4
Fighting       | 1 |  1.1
Unarmed Combat | 2 3 4 5 |  5.5
Dodging        | 2 3 |  3.8
Short Blades   | |  0.1
Stealth        | |  1.7
Spellcasting   | |  2.0
Earth Magic    | |  2.6

Action                   |  1- 3 |  4- 6 |  7- 9 || total
-------------------------+-------+-------+-------++-------
Melee: Unarmed           |    16 |    67 |     2 ||    85
       Short sword       |    57 |       |       ||    57
       Touch             |    13 |    22 |     1 ||    36
       Rapier            |    10 |    20 |       ||    30
       Punch             |     1 |     1 |       ||     2
 Cast: Sandblast         |    12 |    12 |     1 ||    25
Evoke: Wand              |       |       |     2 ||     2
  Use: Scroll            |     6 |     4 |       ||    10
       Potion            |       |     2 |       ||     2
 Stab: Sleeping          |     6 |     4 |       ||    10
       Distracted        |     1 |       |       ||     1
Armor: Robe              |    27 |    27 |       ||    54
Dodge: Dodged            |    62 |    45 |     4 ||   111

Table legend: (Time is in decaauts)
 A = Elapsed time spent in this place.
 B = Non-inter-level travel time spent in this place.
 C = Inter-level travel time spent in this place.
 D = Time resting spent in this place.
 E = Time spent auto-exploring this place.
 F = Levels seen in this place.
 G = Mean time per level.
                   A        B        C        D        E       F      G
               +--------+--------+--------+--------+--------+-----+--------+
         Total |   4257 |   4063 |    194 |    267 |   3134 |   6 |  709.5 |
       Dungeon |   4257 |   4063 |    194 |    267 |   3134 |   6 |  709.5 |
               +--------+--------+--------+--------+--------+-----+--------+

Top non-repeatable levels by time:
     D:4: 1371 daAuts
     D:1: 1292 daAuts
     D:3: 802 daAuts
     D:2: 579 daAuts
     D:5: 162 daAuts
     D:6: 48 daAuts
